 Dungeon Crawl Stone Soup version 0.30-a0-135-g630cfc4551 (webtiles) character file.

Game seed: 3086931476341978984

22975 IdlyInterested the Covert (level 12, -11/97 HPs)
             Began as a Demonspawn Gladiator on Sept 20, 2022.
             Killed from afar by a lava snake (17 damage)
             ... with a glob of lava
             ... on level 2 of the Lair of Beasts.
             The game lasted 00:51:49 (13793 turns).

IdlyInterested the Covert (Demonspawn Gladiator)   Turns: 13793, Time: 00:51:50

Health: -11/97     AC: 17    Str: 14      XL:     12   Next: 67%
Magic:  12/12      EV: 14    Int: 11 (12) God:
Gold:   922        SH:  4    Dex: 15 (16) Spells: 11/11 levels left

rFire   + . .      SeeInvis .    C - +6 rapier (protect)
rCold   + + .      Faith    .    (no shield)
rNeg    . . .      Spirit   .    N - +2 robe {Will+}
rPois   +          Reflect  .    w - +2 helmet
rElec   +          Harm     .    J - +2 cloak
rCorr   +          Rampage  .    (no gloves)
Will    +....                    (no boots)
Stlth   +++++.....               k - amulet of the acrobat
HPRegen 0.26/turn                B - ring of wizardry
MPRegen 0.13/turn                O - ring of protection from cold

@: mighty, resistant, under a protective aura, on berserk cooldown, slowed, very
slow
A: large bone plates 1, icemail 1, powered by pain 1, condensation shield,
demonic touch 2, clumsy 1, deterioration 1, poison resistance, evolution 1
a: no special abilities


You were on level 2 of the Lair of Beasts.
You visited 3 branches of the dungeon, and saw 12 of its levels.
You also visited: Bailey.

You collected 922 gold pieces.

Inventory:

Hand Weapons
 f - a +1 dagger of speed
 m - a +2 dagger of venom
 y - the +8 hammer of the Final Decision {chaos, rC+ rN++ Str-4}
   (You found it on level 6 of the Dungeon)

   Each time it hits an enemy it has a different, random effect.
   Str:       It affects your strength (-4).
   rC:        It protects you from cold.
   rN:        It greatly protects you from negative energy.
 C - a +6 rapier of protection (weapon)
 G - a +2 dagger of electrocution
Missiles
 a - 26 poisoned darts (quivered)
 d - 6 throwing nets
 e - a javelin
 l - 5 atropa-tipped darts
 s - 4 datura-tipped darts
 E - 3 curare-tipped darts
Armour
 w - a +2 helmet (worn)
 H - a +0 chain mail of poison resistance
 J - a +2 cloak (worn)
 N - a +2 robe of willpower (worn)
 S - +0 steam dragon scales
 V - a +0 hat
Magical Staves
 t - a staff of conjuration
Jewellery
 k - an amulet of the acrobat (around neck)
 q - a ring of fire
 B - a ring of wizardry (left hand)
 O - a ring of protection from cold (right hand)
 T - a ring of ice
Wands
 p - a wand of paralysis (9)
 M - a wand of mindburst (10)
Scrolls
 c - 2 scrolls of immolation
 j - 3 scrolls of enchant armour
 u - 2 scrolls of fear
 v - 6 scrolls of teleportation
 A - a scroll of silence
 F - 4 scrolls of poison
 K - 2 scrolls of summoning
 R - a scroll of vulnerability
Potions
 g - 2 potions of attraction
 i - 2 potions of haste
 n - 3 potions of brilliance
 o - 2 potions of lignification
 r - a potion of mutation
 x - a potion of cancellation
 z - a potion of curing
 I - 2 potions of flight
 P - a potion of might
 Q - 4 potions of magic {unknown}
Miscellaneous
 L - a piece from Xom's chessboard (15/15)


   Skills:
 + Level 10.1 Fighting
 + Level 10.8 Short Blades
 - Level 4.0 Throwing
 - Level 2.0 Armour
 + Level 5.5 Dodging
 - Level 12.0 Stealth
 - Level 6.0 Unarmed Combat
 - Level 2.0 Evocations


You had 11 spell levels left.
You didn't know any spells.
Your spell library contained the following spells:

 Spells                   Type           Power      Damage    Failure   Level
 Necrotise                Necr           0%         1d4       14%         1
 Ensorcelled Hibernation  Hex/Ice        0%         N/A       21%         2
 Passwall                 Tmut/Erth      0%         N/A       21%         2
 Dazzling Flash           Conj/Hex       0%         N/A       38%         3
 Portal Projectile        Hex/Tloc       0%         N/A       38%         3
 Stone Arrow              Conj/Erth      0%         3d7       38%         3
 Swiftness                Air            0%         N/A       38%         3
 Teleport Other           Tloc           0%         N/A       38%         3
 Vampiric Draining        Necr           0%         2d6       38%         3
 Agony                    Necr           0%         N/A       98%         5
 Silence                  Hex/Air        0%         N/A       98%         5


Dungeon Overview and Level Annotations

Branches:
Dungeon (9/15)             Temple (1/1) D:6            Lair (2/5) D:8
 Bailey (visited)
  Swamp: Lair:2-3    Shoals: Lair:2-3     Snake: Lair:2-3    Spider: Lair:2-3
    Orc: D:9-12

Altars:
Ashenzari
Cheibriados
Dithmenos
Fedhas
Gozag
Hepliaklqana
Kikubaaqudgha
Makhleb
Nemelex Xobeh
Qazlal
Ru
Sif Muna
Trog
Uskayaw
Vehumet
Wu Jian
Xom
Yredelemnul

Shops:
D:2 (   D:8 =


Innate Abilities, Weirdness & Mutations

You are partially covered in large bone plates. (SH +4)
A meltable icy envelope protects you from harm. (AC +0)
You sometimes gain a little power by taking damage.
A meltable shield of frost defends you. (SH +0)
Your touch may inflict irresistible damage on your foes.
You are clumsy. (Dex -2)
Your body sometimes deteriorates upon taking damage.
Your system is resistant to poisons. (rPois)
You have hidden genetic potential.


Message History

You miss the lava snake.
The lava snake is lightly wounded.
The lava snake spits lava at you. The glob of lava misses you.
The lava snake bites you.
* * * LOW HITPOINT WARNING * * *
You are engulfed in flames.
You resist.
* * * LOW HITPOINT WARNING * * *
The lava snake bites you but does no damage.
You miss the lava snake.
The lava snake is lightly wounded.
You block the lava snake's attack. The lava snake closely misses you. x2
You closely miss the lava snake. Your touch misses the lava snake.
Your punch misses the lava snake.
The lava snake is lightly wounded.
The lava snake barely misses you.
The lava snake bites you but does no damage.
The lava snake spits lava at you. The glob of lava hits you.
You partially resist.
* * * LOW HITPOINT WARNING * * *
You puncture the lava snake!
Your weapon exudes an aura of protection.
Your touch misses the lava snake.
The lava snake is severely wounded.
The lava snake spits lava at you. The glob of lava misses you.
The lava snake closely misses you.
The lava snake bites you but does no damage.
Okay, then.
You puncture the lava snake!
You kill the lava snake!
The lava snake spits lava at you.
The glob of lava hits you but does no damage.
The lava snake spits lava at you. The glob of lava hits you.
You partially resist.
* * * LOW HITPOINT WARNING * * *
You puncture the lava snake!
The lava snake is severely wounded.
The lava snake closely misses you. The lava snake spits lava at you.
The glob of lava hits you! You partially resist.
You die...

..............# ≈..§≈#
..............# #≈..§§§≈##
#P...........## #≈≈....§≈##
#.....#.#.#.#
#≈≈≈..≈.≈≈####......######
#≈≈≈≈..≈≈§##......##
#≈≈....≈§##......# ......~
#≈≈≈...≈#.......## ......~
##≈...@S###......# .......
##≈≈....S##..#P#.## .......
#≈≈≈....≈###.###..## .......
#≈...§§§§##..P##...# .......
#≈..§≈§≈###........#
.......##≈$...≈####........##
........###..###.#..........#
.......†........#....###...##
..........(....##.....##...#


You could see 2 lava snakes.

Vanquished Creatures
  Gastronok (Lair:1)
  2 two-headed ogres (D:9)
  A catoblepas (Lair:2)
  Amaemon (Lair:1)
  3 orc knights (Bailey)
  6 cane toads
  A torpor snail (Lair:2)
  An orange demon (Lair:1)
  4 komodo dragons
  A polar bear (Lair:1)
  7 blink frogs
  41 yaks
  3 fire bats (Lair:2)
  A wyvern (Lair:2)
  2 basilisks (Lair:2)
  3 steam dragons
  5 water moccasins
  6 orc warriors (Bailey)
  3 ice beasts
  3 black bears
  2 ogres
  10 wolves (Lair:2)
  2 centaurs
  A phantom (D:6)
  9 bullfrogs
  2 kobold brigands
  2 gnoll sergeants
  A scorpion (D:4)
  8 wights (D:8)
  11 killer bees
  4 electric eels (Lair:2)
  A lava snake (Lair:2)
  3 orc priests
  Crazy Yiuf (D:6)
  4 hounds
  A jelly (D:5)
  2 iguanas
  2 gnoll boudas (D:8)
  4 orc wizards
  22 gnolls
  10 adders
  A shadow imp (D:5)
  2 white imps (D:7)
  A worm (D:4)
  3 dart slugs
  52 orcs
  13 ball pythons
  3 bats
  2 endoplasms (D:1)
  3 giant cockroaches
  9 goblins
  6 hobgoblins
  4 jackals (D:1)
  21 kobolds
  4 quokkas
  4 frilled lizards
  3 rats
  2 butterflies (D:8)
330 creatures vanquished.

Vanquished Creatures (collateral kills)
  2 orc knights (Bailey)
2 creatures vanquished.

Vanquished Creatures (others)
  A gnoll (D:8)
  6 fungi
  11 plants
18 creatures vanquished.

Grand Total: 350 creatures vanquished

Notes
Turn   | Place    | Note
-------+----------+-------------------------------------------
     0 | D:1      | IdlyInterested the Demonspawn Gladiator began the quest for
                  | the Orb.
     0 | D:1      | Reached XP level 1. HP: 16/16 MP: 1/1
    30 | D:1      | Reached skill level 1 in Stealth
    34 | D:1      | Gained mutation: Your touch may inflict minor irresistible
                  | damage on your foes. [demonic ancestry]
    34 | D:1      | Reached XP level 2. HP: 13/22 MP: 2/2
   486 | D:1      | Reached skill level 1 in Evocations
   845 | D:2      | Gained mutation: You sometimes gain a little power by
                  | taking damage. [demonic ancestry]
   845 | D:2      | Reached XP level 3. HP: 27/27 MP: 3/3
  1006 | D:2      | Reached skill level 2 in Stealth
  1269 | D:2      | Found Makhluogann's Weapon Emporium.
  1321 | D:2      | Reached skill level 1 in Armour
  1321 | D:2      | Gained mutation: A meltable shield of frost defends you.
                  | (SH +0) [demonic ancestry]
  1321 | D:2      | Reached XP level 4. HP: 33/33 MP: 4/4
  1432 | D:2      | Found a faded altar of an unknown god.
  1711 | D:2      | Reached skill level 3 in Stealth
  1932 | D:2      | Reached XP level 5. HP: 16/38 MP: 5/5
  2455 | D:3      | Reached skill level 1 in Unarmed Combat
  3383 | D:4      | Reached skill level 4 in Stealth
  3459 | D:4      | Gained mutation: A meltable icy envelope protects you from
                  | harm. (AC +0) [demonic ancestry]
  3459 | D:4      | Reached XP level 6. HP: 46/46 MP: 6/6
  4070 | D:5      | Entered Level 5 of the Dungeon
  4255 | D:5      | Noticed an ice beast
  4268 | D:5      | Killed an ice beast
  4269 | D:5      | Reached XP level 7. HP: 53/53 MP: 7/7
  4313 | D:5      | Found a shimmering blue altar of Sif Muna.
  4584 | D:5      | Got the Monograph on Bedrock and Shifting
  5014 | D:6      | Reached skill level 5 in Fighting
  5014 | D:6      | Reached skill level 5 in Short Blades
  5017 | D:6      | Gained mutation: You are partially covered in large bone
                  | plates. (SH +4) [demonic ancestry]
  5017 | D:6      | Reached XP level 8. HP: 50/62 MP: 8/8
  5408 | D:6      | Identified the +8 hammer of the Final Decision {chaos, rC+
                  | rN++ Str-4}
  5453 | D:6      | Found a runed translucent door.
  5454 | D:6      | Noticed Crazy Yiuf
  6097 | D:6      | Found a staircase to the Ecumenical Temple.
  6171 | Temple   | Entered the Ecumenical Temple
  6427 | D:6      | Killed Crazy Yiuf
  6647 | D:7      | Reached skill level 5 in Stealth
  6875 | D:7      | Reached XP level 9. HP: 46/69 MP: 9/9
  7316 | D:7      | Reached skill level 6 in Stealth
  7565 | D:8      | Found Sydarphev's Jewellery Emporium.
  7753 | D:8      | Found a shimmering altar of Xom.
  7962 | D:8      | Reached skill level 7 in Stealth
  8295 | D:8      | Found a staircase to the Lair.
  8296 | D:8      | Noticed a komodo dragon
  8318 | D:8      | Killed a komodo dragon
  8727 | D:8      | Reached skill level 8 in Stealth
  9442 | D:9      | Found a flagged portal.
  9442 | D:9      | Noticed a two-headed ogre
  9460 | D:9      | Killed a two-headed ogre
  9461 | D:9      | Reached XP level 10. HP: 22/77 MP: 10/10
  9484 | Bailey   | Entered a bailey
 10119 | Bailey   | Gained mutation: You occasionally lose the ability to read
                  | scrolls when taking damage. [potion of mutation]
 10119 | Bailey   | Gained mutation: You have sharp toenails. [potion of
                  | mutation]
 10127 | Bailey   | Noticed an orc knight
 10163 | Bailey   | Killed an orc knight
 10280 | Bailey   | Noticed an orc knight
 10280 | Bailey   | Noticed an orc knight
 10299 | Bailey   | Killed an orc knight
 10301 | Bailey   | Killed an orc knight
 10309 | Bailey   | Noticed an orc knight
 10309 | Bailey   | Killed an orc knight
 10330 | Bailey   | Killed an orc knight
 10545 | D:9      | Noticed a two-headed ogre
 10550 | D:9      | Killed a two-headed ogre
 10551 | D:9      | Reached skill level 9 in Stealth
 10551 | D:9      | Reached skill level 5 in Unarmed Combat
 10551 | D:9      | Gained mutation: Your touch may inflict irresistible damage
                  | on your foes. [demonic ancestry]
 10551 | D:9      | Reached XP level 11. HP: 86/86 MP: 11/11
 11337 | Lair:1   | Entered Level 1 of the Lair of Beasts
 11396 | Lair:1   | Reached skill level 10 in Stealth
 11529 | Lair:1   | Noticed Amaemon
 11723 | Lair:1   | Killed Amaemon
 12078 | Lair:1   | Reached skill level 10 in Fighting
 12378 | Lair:1   | Noticed Gastronok
 12388 | Lair:1   | Killed Gastronok
 12389 | Lair:1   | Reached skill level 10 in Short Blades
 12389 | Lair:1   | Reached XP level 12. HP: 97/97 MP: 12/12
 12674 | Lair:1   | Reached skill level 11 in Stealth
 12840 | Lair:1   | Lost mutation: You occasionally lose the ability to read
                  | scrolls when taking damage. [potion of mutation]
 12840 | Lair:1   | Lost mutation: You have sharp toenails. [potion of
                  | mutation]
 12840 | Lair:1   | Gained mutation: You are clumsy. (Dex -2) [potion of
                  | mutation]
 12840 | Lair:1   | Gained mutation: Your system is resistant to poisons.
                  | (rPois) [potion of mutation]
 12840 | Lair:1   | Gained mutation: Your body sometimes deteriorates upon
                  | taking damage. [potion of mutation]
 12840 | Lair:1   | Gained mutation: You have hidden genetic potential. [potion
                  | of mutation]
 12903 | Lair:2   | Noticed a catoblepas
 12920 | Lair:2   | Killed a catoblepas
 13493 | Lair:2   | Reached skill level 5 in Dodging
 13594 | Lair:2   | Reached skill level 12 in Stealth
 13793 | Lair:2   | Killed from afar by a lava snake

Illustrated notes

Levels and vault maps discovered:
D:1:      scummos_arrival_simple_crosswalls, layout_basic
D:2:      layout_basic, shapermc_ecumenical_altar_mp_highgroup, serial_shops,
          nicolae_square_shop
D:3:      layout_loops_cross, minmay_misc_feat_tower, moated_statue,
          roderic_serpentine_path, st_stairs_12
D:4:      layout_basic, hangedman_decor_riveting
D:5:      layout_loops_ring, mainiacjoe_overflow_catch_the_wave, serial_glass,
          glass_columns_b, glass_columns_b, glass_columns_a, glass_columns_c,
          glass_columns_a, glass_columns_a, hangedman_decor_opposing
D:6:      layout_loops_ring, minmay_temple_entry_nine_rooms,
          uniq_crazy_yiuf_cottage
D:7:      layout_loops_ring
D:8:      layout_loops_ring, xom_butterflies, david_lair_shrubbed, serial_shops,
          nicolae_take_the_stairs
D:9:      layout_small_grid, enter_bailey_5
Temple:   nicolae_temple_bog_church
Lair:1:   layout_roguey, minmay_stone_trees_small, fungi_pond_lemuel,
          lemuel_fruit_fields, serial_bayou_shore_b, uniq_gastronok,
          uniq_amaemon
Lair:2:   layout_gridlike, nicolae_lair_liquid_snakes, serial_bayou_shore_a

Skill      XL: |  1  2  3  4  5  6  7  8  9 10 11 12 |
---------------+-------------------------------------+-----
Stealth        | 1 2 3 4 5 8 9 10 12 | 12.0
Evocations     | 1 2 |  2.0
Short Blades   | 3 4 5 6 7 8 10 | 10.8
Armour         | 1 2 |  2.0
Unarmed Combat | 1 2 3 4 5 6 |  6.0
Fighting       | 3 5 6 8 10 | 10.1
Throwing       | 2 4 |  4.0
Dodging        | 3 4 5 |  5.5

Action                   |  1- 3 |  4- 6 |  7- 9 | 10-12 || total
-------------------------+-------+-------+-------+-------++-------
Melee: Rapier            |    63 |    47 |       |   472 ||   582
       Touch             |    11 |    22 |   109 |   124 ||   266
       Punch             |     2 |     2 |    16 |    29 ||    49
       Dagger            |       |   126 |   443 |    99 ||   668
       Kick              |       |       |       |   140 ||   140
Throw: Dart              |       |       |     5 |    26 ||    31
Evoke: Wand              |       |       |     2 |       ||     2
  Use: Scroll            |     4 |     8 |     8 |    11 ||    31
       Potion            |     1 |     2 |     2 |    11 ||    16
 Stab: Sleeping          |     3 |     2 |       |     5 ||    10
       Invisible         |       |       |       |     5 ||     5
       Distracted        |       |       |       |     1 ||     1
       Petrified         |       |       |       |     1 ||     1
Armor: Leather armour    |    12 |     1 |       |       ||    13
       Scale mail        |     1 |    40 |    39 |       ||    80
       Chain mail        |       |       |    99 |       ||    99
       Robe              |       |       |     7 |   157 ||   164
Dodge: Dodged            |    40 |    81 |   130 |   333 ||   584
Block: Other             |       |    24 |   107 |   145 ||   276

Table legend: (Time is in decaauts)
 A = Elapsed time spent in this place.
 B = Non-inter-level travel time spent in this place.
 C = Inter-level travel time spent in this place.
 D = Time resting spent in this place.
 E = Time spent auto-exploring this place.
 F = Levels seen in this place.
 G = Mean time per level.
                   A        B        C        D        E       F      G
               +--------+--------+--------+--------+--------+-----+--------+
         Total |  13452 |  12498 |    954 |   3019 |   6102 |  13 | 1034.8 |
       Dungeon |  10101 |   9305 |    796 |   1818 |   5126 |   9 | 1122.3 |
        Temple |    191 |    167 |     24 |      0 |    153 |   1 |  191.0 |
          Lair |   2344 |   2211 |    133 |    718 |    811 |   2 | 1172.0 |
        Bailey |    814 |    814 |      0 |    483 |     11 |   1 |  814.0 |
               +--------+--------+--------+--------+--------+-----+--------+

Top non-repeatable levels by time:
     D:8: 1753 daAuts
  Lair:1: 1724 daAuts
     D:6: 1524 daAuts
     D:2: 1366 daAuts
     D:9: 1007 daAuts
     D:1: 1006 daAuts
     D:3: 894 daAuts
     D:4: 882 daAuts
     D:5: 856 daAuts
  Bailey: 814 daAuts
     D:7: 808 daAuts
  Lair:2: 620 daAuts
  Temple: 191 daAuts
